 Dungeon Crawl Stone Soup version 0.19.0 (webtiles) character file.

300 Franakus the Chiller (level 6, -2/38 HPs)
             Began as an Octopode Ice Elementalist on Nov 1, 2016.
             Slain by an orc
             ... wielding a +0 flail
              (8 damage)
             ... on level 3 of the Dungeon.
             The game lasted 00:29:54 (2452 turns).

Franakus the Chiller (Octopode Ice Elementalist)    Turns: 2452, Time: 00:29:55

Health: -2/38      AC:  1    Str:  4 (7)  XL:     6   Next: 36%
Magic:  4/11       EV: 13    Int: 18 (20) God:
Gold:   144        SH:  0    Dex:  9 (12) Spells: 3 memorised, 6 levels left

rFire  . . .     SeeInvis .     q - +3 dagger
rCold  . . .     Gourm    .     (no shield)
rNeg   . . .     Faith    .     (helmet restricted)
rPois  .         Spirit   .     (no amulet)
rElec  .         Reflect  .     (no ring)
rCorr  .         Harm     .     (no ring)
MR     .....                    (no ring)
Stlth  +++.......               (no ring)
                                (no ring)
                                (no ring)
                                (no ring)
                                (no ring)

@: no status effects
A: almost no armour, stealthy swim, amphibious, 8 rings, constrict 8, fangs 1,
camouflage 1, gelatinous body 1
a: no special abilities


You were on level 3 of the Dungeon.
You were not hungry.

You visited 1 branch of the dungeon, and saw 3 of its levels.

You collected 144 gold pieces.

Inventory:

Hand Weapons
 c - a +0 dagger of electrocution
 d - a +0 hunting sling
 l - a +0 dagger of speed
 q - a +3 dagger (weapon)
Missiles
 h - 3 tomahawks
 t - a stone (quivered)
Scrolls
 e - a scroll of blinking {unknown}
 i - 2 scrolls of fear {unknown}
 j - a scroll of magic mapping {unknown}
 m - a scroll of amnesia {unknown}
 n - 2 scrolls of identify {unknown}
 o - a scroll of recharging {unknown}
Potions
 s - a potion of flight {unknown}
 u - a potion of might {unknown}
Books
 a - a book of Frost

   Spells                             Type                      Level
   a - Freeze                         Ice                          1
   b - Throw Frost                    Conjuration/Ice              2
   c - Ozocubu's Armour               Charms/Ice                   3
   d - Throw Icicle                   Conjuration/Ice              4
   e - Summon Ice Beast               Ice/Summoning                4
Comestibles
 b - 4 bread rations
 f - 3 fruits


   Skills:
 + Level 1.2 Fighting
 - Level 0.2 Short Blades
 - Level 3.1 Slings
 + Level 2.4 Dodging
 + Level 3.8 Stealth
 * Level 3.5 Spellcasting
 + Level 1.0 Conjurations
 * Level 4.0 Ice Magic


You had 6 spell levels left.
You knew the following spells:

 Your Spells              Type           Power        Failure   Level  Hunger
a - Freeze                Ice            ###.         3%          1    None
b - Throw Frost           Conj/Ice       ##....       12%         2    ##.....
c - Ozocubu's Armour      Chrm/Ice       ##......     24%         3    ###....


Dungeon Overview and Level Annotations

Branches:
Dungeon (3/15)

Altars:
Dithmenos


Innate Abilities, Weirdness & Mutations

You cannot wear most types of armour.
You are very stealthy in the water. (Stealth+)
You are amphibious.
You can wear up to eight rings at the same time.
You can use your tentacles to constrict eight enemies at once.
Your skin changes colour to match your surroundings (Stealth+).
Your rubbery body absorbs attacks. (AC +1, EV +1)
You have very sharp teeth.


Message History

Aim: an orc, wearing a leather armour You freeze the orc.
The orc is moderately wounded.
The orc closely misses you.
Casting: Freeze
Confirm with . or Enter, or press ? or * to list all spells.
Aiming: Freeze
Press: ? - help, Shift-Dir - straight line, f/p - orc
Aim: an orc, wearing a leather armour (moderately wounded)
You freeze the orc.
You kill the orc!
Casting: Freeze
Confirm with . or Enter, or press ? or * to list all spells.
Aiming: Freeze
Press: ? - help, Shift-Dir - straight line, f - orc
Aim: an orc, wielding a flail You freeze the orc.
The orc is lightly wounded.
The orc hits you with a flail!
You die...

.................
########.###....#
#.#####..# #.##.....#
#.##.##.## #.## #.#
####### ######.# #.#
.......#####......## #.#
........o@.'.......# #.#
.......#####.......#.##.#
....... #.....#'#..#.#
....... #..........#.#
.....o. #..........#.#
....o.. #..........#.#
....... #..........#.#
....... #.....##.....#
####.......).#


You could see an orc.

Vanquished Creatures
  A crimson imp (D:3)
  An orc priest (D:3)
  Terence (D:2)
  Natasha (thrice) (D:2)
  An orc wizard (D:3)
  4 adders
  A worm (D:2)
  2 dart slugs
  8 orcs (D:3)
  A ball python (D:3)
  4 giant cockroaches
  5 goblins
  4 hobgoblins
  7 jackals
  A quokka (D:2)
  6 bats
  5 frilled lizards
  7 kobolds
  4 rats
66 creatures vanquished.

Notes
Turn   | Place    | Note
-------+----------+-------------------------------------------
     0 | D:1      | Franakus the Octopode Ice Elementalist began the quest for the Orb.
     0 | D:1      | Reached XP level 1. HP: 11/11 MP: 3/3
   271 | D:1      | Reached XP level 2. HP: 9/17 MP: 5/5
   868 | D:2      | Noticed Natasha
   872 | D:2      | Killed Natasha
   872 | D:2      | Reached skill level 1 in Slings
   872 | D:2      | Reached XP level 3. HP: 17/21 MP: 2/6
   876 | D:2      | Learned a level 2 spell: Throw Frost
  1075 | D:2      | Noticed Natasha
  1080 | D:2      | Killed Natasha
  1080 | D:2      | Reached XP level 4. HP: 27/27 MP: 1/8
  1352 | D:2      | Noticed Natasha
  1369 | D:2      | Killed Natasha
  1369 | D:2      | Reached XP level 5. HP: 6/32 MP: 1/9
  1514 | D:2      | Noticed Terence
  1568 | D:2      | Killed Terence
  1759 | D:2      | Learned a level 3 spell: Ozocubu's Armour
  2155 | D:3      | Reached XP level 6. HP: 35/37 MP: 6/11
  2204 | D:3      | Reached skill level 1 in Fighting
  2228 | D:3      | Reached skill level 4 in Ice Magic
  2232 | D:3      | Gained mutation: You have very sharp teeth. [potion of mutation]
  2232 | D:3      | Gained mutation: Your body sometimes deteriorates upon taking damage. [potion of mutation]
  2232 | D:3      | Lost mutation: Your body sometimes deteriorates upon taking damage. [potion of mutation]
  2306 | D:3      | Found a shadowy altar of Dithmenos.
  2452 | D:3      | Slain by an orc

Skill      XL: |  1  2  3  4  5  6 |
---------------+-------------------+-----
Slings         | 1 2 3 |  3.1
Spellcasting   | 3 |  3.5
Stealth        | 3 |  3.8
Fighting       | 1 |  1.2
Ice Magic      | 4 |  4.0
Short Blades   | |  0.2
Dodging        | |  2.4
Conjurations   | |  1.0

Action                   |  1- 3 |  4- 6 || total
-------------------------+-------+-------++-------
Melee: Short sword       |     7 |       ||     7
       Constrict         |     5 |    11 ||    16
       Tentacles         |     1 |     6 ||     7
       Dagger            |     8 |    47 ||    55
 Fire: Hunting sling     |    24 |    19 ||    43
Throw: Stone             |       |    15 ||    15
 Cast: Freeze            |    18 |    26 ||    44
       Throw Frost       |     4 |    16 ||    20
       Ozocubu's Armour  |       |     1 ||     1
  Use: Scroll            |     1 |       ||     1
       Potion            |       |     5 ||     5
 Stab: Sleeping          |       |     9 ||     9
  Eat: Chunk             |       |     6 ||     6
Armor: Skin              |     1 |     5 ||     6
Dodge: Dodged            |    21 |    38 ||    59
